 Dungeon Crawl Stone Soup version 0.31.0-32-g396128a36d (webtiles) character file.

Game seed: 5908705683412180163

29 Curundu the Trooper (level 3, -2/34 HPs)
             Began as a Minotaur Berserker on Mar 12, 2024.
             Was a Follower of Trog.
             Slain by an adder (4 damage)
             ... on level 2 of the Dungeon.
             The game lasted 00:02:08 (885 turns).

Curundu the Trooper (Minotaur Berserker)             Turns: 885, Time: 00:02:09

Health: -2/34      AC:  2    Str: 23    XL:     3   Next: 1%
Magic:  2/2        EV: 12    Int:  4    God:    Trog [*.....]
Gold:   35         SH:  0    Dex:  9    Spells: 2/2 levels left

rFire   . . .        a - +0 hand axe
rCold   . . .        (no shield)
rNeg    . . .        b - +0 animal skin
rPois   .            (helmet restricted)
rElec   .            (no cloak)
rCorr   .            (no gloves)
SInv    .            (no boots)
Will    .....        (no amulet)
Stlth   +            (no ring)
HPRegen 0.25/turn    (no ring)
MPRegen 0.08/turn

%: no passive effects
@: lethally poisoned (-2 -> -7)
A: horns 2, retaliatory headbutt
a: Renounce Religion, Berserk


You were on level 2 of the Dungeon.
You worshipped Trog.
Trog was aware of your devotion.
You visited 1 branch of the dungeon, and saw 2 of its levels.

You collected 35 gold pieces.

Inventory:

Hand Weapons
 a - a +0 hand axe (weapon)
Armour
 b - a +0 animal skin (worn)
Scrolls
 c - a scroll of identify {unknown}
 f - a scroll of blinking {unknown}
Potions
 d - a potion of magic {unknown}
 e - a potion of curing {unknown}
 g - a potion of mutation {unknown}


   Skills:
 + Level 4.3 Fighting
 + Level 4.2 Axes
 + Level 2.5 Armour
 + Level 2.4 Dodging


You had 2 spell levels left.
You didn't know any spells.
Your spell library was empty.

Dungeon Overview and Level Annotations

Branches:
Dungeon (2/15)

Altars:

Annotations:
D:2 Jessica


Innate Abilities, Weirdness & Mutations

You have a pair of horns on your head.
You reflexively headbutt those who attack you in melee.


Message History

You closely miss the adder. You hit the hobgoblin. The adder barely misses you.
The hobgoblin hits you but does no damage.
Jessica mumbles some strange words.
Jessica seems to speed up.
You barely miss the adder. You barely miss the hobgoblin. The adder bites you.
The adder misses you. The hobgoblin closely misses you.
You hit the adder. Your headbutt misses the adder.
The adder is moderately wounded.
You barely miss the rat. You closely miss the goblin. You hit the hobgoblin.
You kill the hobgoblin!
Trog accepts your kill. The adder bites you.
The rat bites you but does no damage.
The goblin unwields a +0 sling.
The goblin wields a +0 dagger.
The goblin hits you with a +0 dagger. The adder misses you. The rat misses you.
You furiously retaliate!
You headbutt the rat!
You kill the rat!
Trog accepts your kill. The kobold barely misses you. The goblin misses you.
The adder bites you.
* * * LOW HITPOINT WARNING * * *
You have reached level 3!
Your experience leads to an increase in your attributes!
Increase (S)trength, (I)ntelligence, or (D)exterity?
You feel stronger. x2
The adder barely misses you. The kobold misses you. You furiously retaliate!
You headbutt the kobold.
You kill the kobold!
Trog accepts your kill. The goblin hits you but does no damage.
The adder bites you.
* * * LOW HITPOINT WARNING * * *
You are lethally poisoned!
The adder poisons you! The endoplasm freezes you.
You are frozen.
* * * LOW HITPOINT WARNING * * *
The goblin misses you.
* * * LOW HITPOINT WARNING * * *
You feel sick. The adder bites you.
You die...

#..#########
.[......... #..........
#.......... ##########
#..........
#.......)####..........
#......@...............
#.....gJS#.....<.......
.....##@....#..........
#... .......#...#####.#
... ........#....#
...........)#.@#.# ?
.................
.........#...#J....
##...$..#.#..####


You could see an adder, Jessica (fast), an endoplasm and a goblin.

Vanquished Creatures
  A dart slug (D:1)
  3 bats (D:1)
  2 endoplasms (D:1)
  2 giant cockroaches (D:1)
  2 goblins (D:1)
  2 hobgoblins
  4 kobolds
  2 quokkas (D:1)
  4 ball pythons (D:1)
  3 rats
25 creatures vanquished.

Notes
Turn   | Place    | Note
-------+----------+-------------------------------------------
     0 | D:1      | Curundu the Minotaur Berserker began the quest for the Orb.
     0 | D:1      | Reached XP level 1. HP: 19/19 MP: 0/0
   101 | D:1      | HP: 1/20 [poisoned by a goblin]
   213 | D:1      | Reached XP level 2. HP: 27/27 MP: 1/1
   868 | D:2      | Noticed Jessica
   883 | D:2      | Reached XP level 3. HP: 9/34 MP: 2/2
   885 | D:2      | Slain by an adder

Illustrated notes

Levels and vault maps discovered:
D:1:      reono_arrival_mine, layout_loops_ring, minmay_misc_feat_diagonals
D:2:      layout_rooms, kennysheep_generic_room_15, uniq_jessica

Skill      XL: |  1  2 |
---------------+-------+-----
Fighting       | 4 |  4.3
Axes           | 4 |  4.2
Armour         | |  2.5
Dodging        | |  2.4

Action                     || total
---------------------------++-------
  Melee: Hand axe          ||    45
         Headbutt          ||     7
 Armour: Animal skin       ||    33
  Dodge: Dodged            ||    44
